ORI
FLORIDA STATE UNIVERSITY SEMINOLES @ COASTAL CAROLINA UNIVERSITY CHANTICLEERS
08/17/2049
 
TOP OF THE 1ST
Florida State University Seminoles batting - Pitching for Coastal Carolina University Chanticleers : LHP Ian Sweeny
Pitching: LHP Ian Sweeny
Batting: RHB Tyan-yu Chen 0-0: Called Strike
0-1: Fly out, F9 (Flyball, 9, EV 88.8 MPH)
Batting: RHB Shu-yaan Louis 0-0: Swinging Strike
0-1: Ball
1-1: Swinging Strike
1-2: Ball
2-2: Ball
3-2: Strikes out swinging
Batting: RHB Tony Valdez 0-0: Called Strike
0-1: Foul Ball, location: 2F
0-2: Strikes out looking
Top of the 1st over - 0 runs, 0 hits, 0 errors, 0 left on base; Florida State University 0 - Coastal Carolina University 0
BOTTOM OF THE 1ST
Coastal Carolina University Chanticleers batting - Pitching for Florida State University Seminoles : LHP Tsuyashi Kurosawa
Pitching: LHP Tsuyashi Kurosawa
Batting: RHB Mark Tart 0-0: Ball
1-0: Ball
2-0: Called Strike
2-1: SOLO HOME RUN (Flyball, 78XD, EV 109.4 MPH), Distance : 440 ft
Batting: RHB Ling-kung Hsing 0-0: Foul Ball, location: 2F
0-1: Ball
1-1: Foul Ball, location: 2F
1-2: Ball
2-2: Strikes out looking
Batting: LHB Justin Sanders 0-0: Ball
1-0: Ground out 4-3 (Groundball, 34D, EV 77.5 MPH)
Batting: RHB Greg Williams 0-0: Called Strike
0-1: Ball
1-1: Called Strike
1-2: Foul Ball, location: 2F
1-2: Strikes out swinging
Bottom of the 1st over - 1 run, 1 hit, 0 errors, 0 left on base; Florida State University 0 - Coastal Carolina University 1
TOP OF THE 2ND
Florida State University Seminoles batting - Pitching for Coastal Carolina University Chanticleers : LHP Ian Sweeny
Batting: LHB Kuang-an Liu 0-0: Ball
1-0: Foul Ball, location: 2F
1-1: Ball
2-1: Ball
3-1: Called Strike
3-2: Ground out U3 (Groundball, 3, EV 81.2 MPH)
Batting: RHB Johnny Sherwood 0-0: Called Strike
0-1: Called Strike
0-2: Ball
1-2: Strikes out looking
Batting: LHB Jeff Shields 0-0: Ball
1-0: Ball
2-0: Foul Ball, location: 2F
2-1: Swinging Strike
2-2: Strikes out looking
Top of the 2nd over - 0 runs, 0 hits, 0 errors, 0 left on base; Florida State University 0 - Coastal Carolina University 1
BOTTOM OF THE 2ND
Coastal Carolina University Chanticleers batting - Pitching for Florida State University Seminoles : LHP Tsuyashi Kurosawa
Batting: LHB Cheol-chung Joe 0-0: Ball
1-0: Called Strike
1-1: Foul Ball, location: 2F
1-2: Ground out 5-3 (Groundball, 56, EV 98.8 MPH)
Batting: RHB Kees Vroom 0-0: Fly out, F9 (Flyball, 89S, EV 86.2 MPH)
Batting: RHB Rene Napoles 0-0: Swinging Strike
0-1: Ball
1-1: Ball
2-1: Swinging Strike
2-2: Foul Ball, location: 2F
2-2: Strikes out swinging
Bottom of the 2nd over - 0 runs, 0 hits, 0 errors, 0 left on base; Florida State University 0 - Coastal Carolina University 1
TOP OF THE 3RD
Florida State University Seminoles batting - Pitching for Coastal Carolina University Chanticleers : LHP Ian Sweeny
Batting: RHB George Smienk 0-0: Foul Ball, location: 2F
0-1: Foul Ball, location: 2F
0-2: Ball
1-2: Ball
2-2: Fly out, F8 (Flyball, 8RD, EV 106.9 MPH)
Batting: LHB Brian Clayton 0-0: Ball
1-0: Ball
2-0: Foul Ball, location: 2F
2-1: Ground out U3 (Groundball, 3, EV 89.4 MPH)
Batting: SHB Jon Odle 0-0: Ball
1-0: Ball
2-0: Ball
3-0: Called Strike
3-1: Base on Balls
Batting: RHB Tyan-yu Chen 0-0: Ball
1-0: Called Strike
1-1: Ball
Jon Odle is caught stealing 2nd base 2-4
Top of the 3rd over - 0 runs, 0 hits, 0 errors, 0 left on base; Florida State University 0 - Coastal Carolina University 1
BOTTOM OF THE 3RD
Coastal Carolina University Chanticleers batting - Pitching for Florida State University Seminoles : LHP Tsuyashi Kurosawa
Batting: SHB Iher Waithaka 0-0: Ball
1-0: Ground out 4-3 (Groundball, 4, EV 84.4 MPH)
Batting: LHB Kevin Lech 0-0: Ground out 3-1 (Groundball, 34, EV 103.8 MPH)
Batting: RHB Mark Tart 0-0: Ball
1-0: Called Strike
1-1: SINGLE (Line Drive, 89M, EV 106.9 MPH)
Batting: RHB Ling-kung Hsing 0-0: Ball
1-0: Ball
Mark Tart steals 2nd base
2-0: Swinging Strike
2-1: Ball
Wild Pitch!
Mark Tart to third
3-1: Base on Balls
Batting: LHB Justin Sanders 0-0: Swinging Strike
0-1: Swinging Strike
0-2: Ball
1-2: Foul Ball, location: 2F
1-2: Ball
2-2: Foul Ball, location: 2F
2-2: Ground out 5-3 (Groundball, 56, EV 98.1 MPH)
Bottom of the 3rd over - 0 runs, 1 hit, 0 errors, 2 left on base; Florida State University 0 - Coastal Carolina University 1
TOP OF THE 4TH
Florida State University Seminoles batting - Pitching for Coastal Carolina University Chanticleers : LHP Ian Sweeny
Batting: RHB Tyan-yu Chen 0-0: SOLO HOME RUN (Flyball, 7D, EV 98.8 MPH), Distance : 397 ft
Batting: RHB Shu-yaan Louis 0-0: Foul Ball, location: 2F
0-1: Swinging Strike
0-2: Foul Ball, location: 2F
0-2: Strikes out looking
Batting: RHB Tony Valdez 0-0: Ball
1-0: Swinging Strike
1-1: Ball
2-1: Foul Ball, location: 2F
2-2: Fly out, F7 (Flyball, 7S, EV 79.4 MPH)
Batting: LHB Kuang-an Liu 0-0: Ball
1-0: Ball
2-0: Fly out, F9 (Flyball, 9S, EV 80.0 MPH)
Top of the 4th over - 1 run, 1 hit, 0 errors, 0 left on base; Florida State University 1 - Coastal Carolina University 1
BOTTOM OF THE 4TH
Coastal Carolina University Chanticleers batting - Pitching for Florida State University Seminoles : LHP Tsuyashi Kurosawa
Batting: RHB Greg Williams 0-0: Ball
1-0: Foul Ball, location: 2F
1-1: Foul Ball, location: 2F
1-2: Ball
2-2: Strikes out looking
Batting: LHB Cheol-chung Joe 0-0: Called Strike
0-1: Ground out U3 (Groundball, 3S, EV 84.4 MPH)
Batting: RHB Kees Vroom 0-0: Foul Ball, location: 2F
0-1: Fly out, F9 (Flyball, 9LM, EV 108.1 MPH)
Bottom of the 4th over - 0 runs, 0 hits, 0 errors, 0 left on base; Florida State University 1 - Coastal Carolina University 1
TOP OF THE 5TH
Florida State University Seminoles batting - Pitching for Coastal Carolina University Chanticleers : LHP Ian Sweeny
Now at C: Jeremy Stockwell
Now at 2B: Ferri Casteleijn
Now in LF: Tristan Williams
Now in RF: Chris McDaniel
Batting: RHB Johnny Sherwood 0-0: Foul Ball, location: 2F
0-1: Called Strike
0-2: Strikes out looking
Batting: LHB Jeff Shields 0-0: Ground out 1-3 (Groundball, 15S, EV 69.4 MPH)
Batting: RHB George Smienk 0-0: Ball
1-0: Ball
2-0: Ball
3-0: Called Strike
3-1: Foul Ball, location: 2F
3-2: Strikes out swinging
Top of the 5th over - 0 runs, 0 hits, 0 errors, 0 left on base; Florida State University 1 - Coastal Carolina University 1
BOTTOM OF THE 5TH
Coastal Carolina University Chanticleers batting - Pitching for Florida State University Seminoles : LHP Tsuyashi Kurosawa
Pitching: LHP Nick Linkletter
Now at C: Bart Hall
Now at 1B: John Welsh
Now at 3B: J.R. Harvey
Now in LF: Matt Stewart
Now in RF: Randy Bartlett
Batting: RHB Rene Napoles 0-0: Called Strike
0-1: Ball
1-1: Fly out, F7 (Flyball, 7LS, EV 91.2 MPH)
Batting: SHB Iher Waithaka 0-0: Ball
1-0: Swinging Strike
1-1: Foul Ball, location: 2F
1-2: Strikes out looking
Batting: LHB Kevin Lech 0-0: Ball
1-0: Ball
2-0: Ball
3-0: Base on Balls
Batting: RHB Tristan Walsh 0-0: Foul Ball, location: 2F
0-1: Ball
1-1: Foul Ball, location: 2F
1-2: Ball
2-2: 2-RUN HOME RUN (Flyball, 7LD, EV 97.5 MPH), Distance : 364 ft
Batting: RHB Chris McDaniel 0-0: Called Strike
0-1: Ball
1-1: TRIPLE (Flyball, 78XD, EV 100.6 MPH)
Batting: RHB Tristan Williams 0-0: Called Strike
0-1: Swinging Strike
0-2: Ball
1-2: Strikes out swinging
Bottom of the 5th over - 2 runs, 2 hits, 0 errors, 1 left on base; Florida State University 1 - Coastal Carolina University 3
TOP OF THE 6TH
Florida State University Seminoles batting - Pitching for Coastal Carolina University Chanticleers : LHP Ian Sweeny
Pitching: RHP Jeff Box
Now at 1B: Tim Kirby
Batting: LHB Brian Clayton 0-0: Ball
1-0: Foul Ball, location: 2F
1-1: Ball
2-1: Foul Ball, location: 2F
2-2: Fly out, F8 (Flyball, 78M, EV 81.2 MPH)
Batting: SHB Jon Odle 0-0: Ball
1-0: Ball
2-0: Ball
3-0: Base on Balls
Batting: RHB Jeff Blakeney 0-0: Reached on error, E4 (Line Drive, 4D, EV 69.4 MPH)
Jon Odle to second
Batting: RHB Shu-yaan Louis 0-0: Ball
1-0: Called Strike
1-1: Ball
2-1: Ball
3-1: Called Strike
3-2: Foul Ball, location: 2F
3-2: Foul Ball, location: 2F
3-2: SINGLE (Groundball, 56D, EV 106.2 MPH)
Jon Odle to third
Jeff Blakeney to second
Batting: LHB Matt Stewart 0-0: Fly out, F8 (Flyball, 8LXD, EV 104.4 MPH)
Runner from 3rd tags up, SCORES, no throw by CF
Batting: RHB Bart Hall 0-0: Called Strike
0-1: Ball
1-1: Swinging Strike
1-2: Strikes out swinging
Top of the 6th over - 1 run, 1 hit, 1 error, 2 left on base; Florida State University 2 - Coastal Carolina University 3
BOTTOM OF THE 6TH
Coastal Carolina University Chanticleers batting - Pitching for Florida State University Seminoles : LHP Nick Linkletter
Batting: RHB Ferri Casteleijn 0-0: Ground out 5-3 (Groundball, 56S, EV 81.2 MPH)
Batting: LHB Jeremy Stockwell 0-0: Ball
1-0: Ball
2-0: Fly out, F7 (Flyball, 7D, EV 102.5 MPH)
Batting: LHB Tim Kirby 0-0: Called Strike
0-1: Called Strike
0-2: Strikes out swinging
Bottom of the 6th over - 0 runs, 0 hits, 0 errors, 0 left on base; Florida State University 2 - Coastal Carolina University 3
TOP OF THE 7TH
Florida State University Seminoles batting - Pitching for Coastal Carolina University Chanticleers : RHP Jeff Box
Pitching: RHP Dennis Margolis
Now at 1B: Jason Melek
Now at 3B: Tim Kirby
Batting: SHB John Welsh 0-0: Swinging Strike
0-1: Ball
1-1: Called Strike
1-2: Reached on error, E5 (Groundball, 56, EV 91.2 MPH)
Batting: RHB J.R. Harvey 0-0: Called Strike
John Welsh is caught stealing 2nd base 2-4
0-1: Foul Ball, location: 2F
0-2: Strikes out swinging, 2-3 out at first.
Batting: RHB Randy Bartlett 0-0: Ball
1-0: Ball
2-0: Ball
3-0: Base on Balls
Batting: LHB Brian Clayton 0-0: Called Strike
0-1: Ball
1-1: Ball
Randy Bartlett steals 2nd base
2-1: Ball
3-1: Ground out 3-1 (Groundball, 34, EV 110.0 MPH)
Top of the 7th over - 0 runs, 0 hits, 1 error, 1 left on base; Florida State University 2 - Coastal Carolina University 3
BOTTOM OF THE 7TH
Coastal Carolina University Chanticleers batting - Pitching for Florida State University Seminoles : LHP Nick Linkletter
Pitching: RHP Wade Striegel
Batting: RHB Rene Napoles 0-0: Ball
1-0: Called Strike
1-1: Foul Ball, location: 2F
1-2: Foul Ball, location: 2F
1-2: Ball
2-2: SINGLE (Line Drive, 89S, EV 98.1 MPH)
Batting: SHB Iher Waithaka 0-0: Bunt - Flyout to 23! F3
Batting: LHB Jason Melek 0-0: Ball
1-0: Foul Ball, location: 2F
1-1: SINGLE (Groundball, 6MD, EV 101.9 MPH)
Rene Napoles to second
Batting: RHB Tristan Walsh 0-0: Ball
1-0: Ball
Wild Pitch!
Rene Napoles to third
Jason Melek to second
2-0: Ball
3-0: Called Strike
3-1: Base on Balls
Batting: RHB Chris McDaniel 0-0: Fly out, F7 (Flyball, 7, EV 91.9 MPH)
Runner from 3rd tags up, OUT at HOME! 7-2
Bottom of the 7th over - 0 runs, 2 hits, 0 errors, 2 left on base; Florida State University 2 - Coastal Carolina University 3
TOP OF THE 8TH
Florida State University Seminoles batting - Pitching for Coastal Carolina University Chanticleers : RHP Dennis Margolis
Now at 1B: Tim Kirby
Now at 3B: Tristan Williams
Now in LF: Milo Karadzic
Batting: SHB Jon Odle 0-0: Fly out, F9 (Line Drive, 9, EV 98.8 MPH)
Batting: LHB John Doiron 0-0: Called Strike
0-1: Ball
1-1: Ground out 6-3 (Groundball, 6, EV 91.9 MPH)
Batting: RHB Shu-yaan Louis 0-0: Called Strike
0-1: Ball
1-1: Ball
2-1: Foul Ball, location: 2F
2-2: DOUBLE (Flyball, 9LD, EV 98.1 MPH)
Batting: LHB Matt Stewart 0-0: Swinging Strike
0-1: Foul Ball, location: 2F
0-2: Foul Ball, location: 2F
0-2: Ball
Passed Ball!
Shu-yaan Louis to third
1-2: Strikes out swinging
Top of the 8th over - 0 runs, 1 hit, 0 errors, 1 left on base; Florida State University 2 - Coastal Carolina University 3
BOTTOM OF THE 8TH
Coastal Carolina University Chanticleers batting - Pitching for Florida State University Seminoles : RHP Wade Striegel
Batting: RHB Tristan Williams 0-0: Ball
1-0: Ball
2-0: Ball
3-0: Called Strike
3-1: Swinging Strike
3-2: Foul Ball, location: 2F
3-2: Strikes out swinging
Batting: RHB Ferri Casteleijn 0-0: Foul Ball, location: 2F
0-1: Ball
1-1: Ball
2-1: Foul Ball, location: 2F
2-2: Ground out 6-3 (Groundball, 6, EV 103.1 MPH)
Batting: LHB Jeremy Stockwell 0-0: Foul Ball, location: 2F
0-1: Ball
1-1: Foul Ball, location: 2F
1-2: Strikes out swinging
Bottom of the 8th over - 0 runs, 0 hits, 0 errors, 0 left on base; Florida State University 2 - Coastal Carolina University 3
TOP OF THE 9TH
Florida State University Seminoles batting - Pitching for Coastal Carolina University Chanticleers : RHP Dennis Margolis
Pitching: LHP Caleb Rohde
Batting: RHB Bart Hall 0-0: Ball
1-0: Called Strike
1-1: Swinging Strike
1-2: Strikes out swinging
Batting: SHB John Welsh 0-0: Fly out, F2 (Popup, 3SF, EV 87.5 MPH)
Batting: RHB J.R. Harvey 0-0: Called Strike
0-1: Ball
1-1: Called Strike
1-2: Ball
2-2: Foul Ball, location: 2F
2-2: Strikes out swinging
Top of the 9th over - 0 runs, 0 hits, 0 errors, 0 left on base; Florida State University 2 - Coastal Carolina University 3
Sunday, July 16th , 2023 - OOTP Baseball 24.6 Build 69